 Dungeon Crawl Stone Soup version 0.26.1-2-gb8aa6d0cf2 (webtiles) character file.

Game seed: 2501595890415470494

1717 nightchill the Destroyer (level 8, 0/70 HPs)
             Began as a White Draconian Conjurer on Mar 9, 2021.
             Slain by a hornet (12 damage)
             ... on level 6 of the Dungeon.
             The game lasted 00:21:01 (8121 turns).

nightchill the Destroyer (White Draconian Conjurer) Turns: 8121, Time: 00:21:01

Health: 0/70       AC: 11    Str:  9    XL:     8   Next: 74%
Magic:  0/13       EV: 12    Int: 20    God:
Gold:   470        SH:  0    Dex: 11    Spells: 7/14 levels left

rFire    . . .     SeeInvis .   u - +0 falchion
rCold    + . .     Faith    .   (no shield)
rNeg     . . .     Spirit   .   (armour unavailable)
rPois    .         Reflect  .   (helmet restricted)
rElec    .         Harm     .   (no cloak)
rCorr    +         Rampage  .   s - +2 pair of gloves
Will     .....                  n - +1 pair of boots
Stlth    +.........             (no amulet)
HPRegen  0.21/turn              f - ring of resist corrosion
MPRegen  0.13/turn              t - ring of attention (curse)

@: lethally poisoned (0 -> -2)
A: breathe frost, unfitting armour, cold resistance 1, cold-blooded, AC +6
a: Breathe Frost


You were on level 6 of the Dungeon.
You visited 1 branch of the dungeon, and saw 7 of its levels.

You collected 470 gold pieces.

Inventory:

Hand Weapons
 a - a +3 dagger of venom
 b - a +1 vampiric falchion
 c - a +0 dagger
 u - a +0 falchion (weapon)
Missiles
 h - 140 stones
 v - 7 curare-tipped darts (quivered)
Armour
 n - a +1 pair of boots (worn)
 s - a +2 pair of gloves (worn)
 A - a +0 buckler
Jewellery
 f - a ring of resist corrosion (left hand)
 q - an uncursed ring of flight
 t - a cursed ring of attention (right hand)
Wands
 y - a wand of polymorph (4)
Scrolls
 d - 2 scrolls of enchant armour
 e - 4 scrolls of teleportation
 i - 2 scrolls of blinking
 j - 2 scrolls of amnesia
 m - 2 scrolls of enchant weapon
 r - a scroll of torment {unknown}
 w - a scroll of random uselessness {unknown}
Potions
 g - a potion of cancellation
 k - a potion of degeneration
 l - 3 potions of lignification
 o - a potion of berserk rage
 p - a potion of haste
 x - 2 potions of magic
 z - 2 potions of might {unknown}
 B - a potion of flight
 C - 2 potions of curing


   Skills:
 + Level 5.9 Fighting
 - Level 1.7 Dodging
 - Level 1.7 Stealth
 - Level 3.7 Spellcasting
 * Level 9.0 Conjurations
 + Level 3.6 Hexes


You had 7 spell levels left.
You knew the following spells:

 Your Spells              Type           Power        Failure   Level
a - Magic Dart            Conj           100%         1%          1
b - Searing Ray           Conj           78%          1%          2
c - Fulminant Prism       Conj/Hex       14%          10%         4

Your spell library contained the following spells:

 Spells                   Type           Power        Failure   Level
 Corona                   Hex            20%          3%          1
 Dazzling Flash           Conj/Hex       58%          3%          3
 Confusing Touch          Hex            18%          9%          3
 Tukima's Dance           Hex            18%          9%          3
 Ensorcelled Hibernation  Hex/Ice        22%          10%         2
 Iskenderun's Mystic Bla  Conj/Tloc      21%          21%         4


Dungeon Overview and Level Annotations

Branches:
Dungeon (7/15)
 Temple: D:4-7

Altars:
Dithmenos
Makhleb
Nemelex Xobeh
Qazlal
Sif Muna
Zin

Shops:
D:4 (

Annotations:
D:3 2 runed translucent doors, Gypyx's ghost, amateur DrFE
D:5 1 runed translucent door, exclusion: centaur, Crazy Yiuf
D:7 1 runed translucent door, Domino's ghost, novice MiBe


Innate Abilities, Weirdness & Mutations

You can breathe waves of freezing cold.
You can buffet flying creatures when you breathe cold.
Your icy white scales are hard. (AC +6)
You cannot fit into any form of body armour.
Your flesh is cold resistant. (rC+)
You are cold-blooded and may be slowed by cold attacks.


Message History

Confirm with . or Enter, or press ? or * to list all spells.
Aiming: Searing Ray (safe; 1% risk of failure)
Press: ? - help, Shift-Dir - straight line, f - hornet
Aim: a hornet (29% to evade)
The searing ray hits the hornet!
The hornet is moderately wounded. (Press . to maintain the ray.)
The hornet stings you but does no damage.
The hornet stings you.
* * * LOW HITPOINT WARNING * * *
You shrug off the repeated paralysis!
The searing ray misses the hornet.
You feel sick.
The hornet stings you but does no damage.
Without enough magic to sustain it, your searing ray dissipates.
The hornet closely misses you.
You riposte.
You hit the hornet but do no damage.
The hornet is lightly wounded.
The hornet barely misses you. The hornet stings you!
You die...

.........#
#...######............
#####.#..# ##.## #............)#
####...#.# #.# #.#..####.....#
.......#.# #.# #.#..# #.##.>#
##.#.#####* ### #.#..# #.##..#
#.###***8###8##*##.#..####.##..#
#.####8...8..^8##..#...........#
#...##........y##.##.#####.##..#
#.#.#_.........@#.##.#.........#
#.####....$....####........##...
#.#*##8...8...8####..#.##..##...
#.# **#8###8##* #..#.##..##...
#.# *#####* #....##..##..# #.#
#.#########.##.##..##..#
#.#######..................##...
#................##.......###...
################.....###........


You could see a hornet.

Vanquished Creatures
  Grinder (D:4)
  Sigmund (D:6)
  Menkaure (D:6)
  An ice beast (D:6)
  A necrophage (D:7)
  A centaur (D:7)
  2 bullfrogs (D:6)
  A scorpion (D:6)
  3 howler monkeys (D:7)
  A bullfrog skeleton (D:4)
  A bullfrog zombie (D:2)
  3 orc priests
  3 hounds
  2 jellies (D:6)
  A centaur skeleton (D:7)
  An iguana (D:4)
  2 orc wizards (D:6)
  3 worker ants
  Robin (D:4)
  6 adders
  A white imp (D:6)
  An ufetubus (D:5)
  2 worms (D:2)
  5 leopard geckos
  18 orcs
  4 bats
  2 giant cockroaches
  16 goblins
  12 hobgoblins
  15 jackals
  2 quokkas
  4 frilled lizards
  5 kobolds
  12 rats
135 creatures vanquished.

Vanquished Creatures (others)
  3 fulminant prisms
3 creatures vanquished.

Grand Total: 138 creatures vanquished

Notes
Turn   | Place    | Note
-------+----------+-------------------------------------------
     0 | D:1      | nightchill the Draconian Conjurer began the quest for the
                  | Orb.
     0 | D:1      | Reached XP level 1. HP: 14/14 MP: 3/3
   283 | D:1      | Reached XP level 2. HP: 21/22 MP: 5/5
   346 | D:1      | Reached skill level 1 in Fighting
   937 | D:2      | Reached XP level 3. HP: 28/28 MP: 3/6
  1495 | D:2      | Reached skill level 5 in Conjurations
  1495 | D:2      | Reached XP level 4. HP: 10/36 MP: 0/8
  1711 | D:2      | Learned a level 2 spell: Searing Ray
  2796 | D:3      | Found a burning altar of Makhleb.
  2986 | D:3      | Found a runed translucent door.
  2992 | D:3      | Noticed Gypyx's ghost (amateur DrFE)
  3000 | D:3      | Found a stormy altar of Qazlal.
  3117 | D:3      | Found a runed translucent door.
  3192 | D:3      | Reached XP level 5. HP: 42/42 MP: 3/9
  3658 | D:4      | Found a sparkling altar of Nemelex Xobeh.
  3658 | D:4      | Found a shadowy altar of Dithmenos.
  3753 | D:4      | Noticed Robin
  3755 | D:4      | Noticed Grinder
  3762 | D:4      | Killed Robin
  3899 | D:4      | Found Nitulusch's Weapon Shoppe.
  4010 | D:4      | Reached XP level 6. HP: 39/51 MP: 8/10
  4466 | D:4      | Killed Grinder
  4467 | D:4      | Reached skill level 6 in Conjurations
  4616 | D:4      | Learned a level 4 spell: Fulminant Prism
  5286 | D:5      | Entered Level 5 of the Dungeon
  5312 | D:5      | Your scales start taking on an icy white colour.
  5312 | D:5      | Reached XP level 7. HP: 58/58 MP: 9/12
  5312 | D:5      | Gained mutation: Your flesh is cold resistant. (rC+) [White
                  | Draconian growth]
  5597 | D:5      | Reached skill level 1 in Hexes
  5829 | D:5      | Found a runed translucent door.
  5830 | D:5      | Noticed Crazy Yiuf
  6102 | D:6      | Reached skill level 7 in Conjurations
  6190 | D:6      | Noticed Menkaure
  6196 | D:6      | Killed Menkaure
  6581 | D:6      | Found a glowing silver altar of Zin.
  6653 | D:6      | Found a shimmering blue altar of Sif Muna.
  7210 | D:6      | Noticed Sigmund
  7215 | D:6      | Reached XP level 8. HP: 59/67 MP: 9/13
  7219 | D:6      | Killed Sigmund
  7220 | D:6      | Reached skill level 5 in Fighting
  7220 | D:6      | Reached skill level 8 in Conjurations
  7873 | D:7      | Found a runed translucent door.
  7890 | D:7      | Identified the +4 ring mail "Oluq" {*Corrode Will- Int+7
                  | Stlth+}
  8016 | D:7      | Noticed Domino's ghost (novice MiBe)
  8103 | D:7      | Noticed a hornet
  8108 | D:7      | Paralysed by a hornet for 3 turns
  8108 | D:7      | Noticed a white ugly thing
  8109 | D:7      | Reached skill level 9 in Conjurations
  8116 | D:7      | Paralysed by a hornet for 1 turns
  8121 | D:6      | Slain by a hornet

Illustrated notes

Levels and vault maps discovered:
D:1:      saegor_arrival_simple_c, layout_basic
D:2:      layout_basic
D:3:      layout_basic, overflow_temple_1_default, lemuel_crystal_altar,
          ebering_ghost_sewer_f, serial_glass, glass_columns_b, glass_columns_b,
          glass_columns_a, glass_columns_a, glass_columns_c, glass_columns_b,
          item_on_display_a, feat_on_display
D:4:      layout_loops_ring, gammafunk_temple_overflow_elements, serial_shops,
          shop, kennysheep_generic_room_7, uniq_robin, uniq_grinder
D:5:      layout_cave_pools, minmay_fractal_squares_gapless_5,
          uniq_crazy_yiuf_cottage
D:6:      layout_loops_ring, nicolae_overflow_hidden_temple,
          lemuel_doored_altar, uniq_sigmund, uniq_menkaure
D:7:      minmay_the_grid_square_5x5_3x3 [minmay_the_grid_square_5x5_inner_i,
          minmay_the_grid_square_5x5_shrine2,
          minmay_the_grid_square_5x5_sharp_hourglass,
          minmay_the_grid_square_5x5_empty,
          minmay_the_grid_square_5x5_megaprize_checkered,
          minmay_the_grid_square_5x5_three_small,
          minmay_the_grid_square_5x5_three_walls,
          minmay_the_grid_square_5x5_gyroscope,
          minmay_the_grid_square_5x5_plus], layout_rooms,
          minmay_temple_entry_poolview, ebering_ghost_reflecting_pool

Skill      XL: |  1  2  3  4  5  6  7  8 |
---------------+-------------------------+-----
Fighting       | 1 2 3 4 5 |  5.9
Conjurations   | 5 6 7 9 |  9.0
Spellcasting   | 3 |  3.7
Hexes          | 2 3 |  3.6
Dodging        | |  1.7
Stealth        | |  1.7

Action                   |  1- 3 |  4- 6 |  7- 9 || total
-------------------------+-------+-------+-------++-------
Melee: Dagger            |    37 |       |       ||    37
       Unarmed           |     4 |       |       ||     4
       Tailslap          |     2 |     4 |     7 ||    13
       Falchion          |       |    34 |    48 ||    82
 Cast: Magic Dart        |    62 |    60 |    59 ||   181
       Searing Ray       |       |    16 |    14 ||    30
       Fulminant Prism   |       |       |     3 ||     3
 Abil: Stop Flying       |       |     1 |       ||     1
       Breathe Frost     |       |       |     1 ||     1
  Use: Scroll            |       |       |    18 ||    18
Armor: Skin              |    18 |    30 |    43 ||    91
Dodge: Dodged            |    24 |    71 |    68 ||   163
       Rpst.: Falchion   |       |    23 |    19 ||    42
